 Dungeon Crawl Stone Soup version 0.19.0-19-g8c6edcc (webtiles) character file.

660 Peloso the Skirmisher (level 7, -4/59 (60) HPs)
             Began as a Ghoul Fighter on Nov 15, 2016.
             Slain by a gnoll
             ... wielding a +0 halberd
              (7 damage)
             ... on level 5 of the Dungeon.
             The game lasted 00:19:11 (4384 turns).

Peloso the Skirmisher (Ghoul Fighter)               Turns: 4384, Time: 00:19:11

HP:   -4/59 (60)    AC:  7    Str: 20    XL:     7   Next: 56%
MP:   6/6           EV:  8    Int:  9    God:
Gold: 286           SH:  9    Dex: 10    Spells: 0 memorised, 6 levels left

rFire  . . .     SeeInvis .     a - +0 long sword
rCold  + . .     Gourm    .     b - +0 scale mail
rNeg   + + +     Faith    .     c - +0 shield
rPois  ∞         Spirit   .     (no helmet)
rElec  .         Reflect  .     (no cloak)
rCorr  .         Harm     +     (no gloves)
MR     .....                    (no boots)
Stlth  ..........               u - amulet of harm
                                l - +2 ring of intelligence
                                m - +4 ring of intelligence

@: rotting
A: rotting body, claws 1, carnivore 3, cold resistance 1, negative energy
resistance 3, slow regeneration 1, torment resistance, unbreathing
a: no special abilities


You were on level 5 of the Dungeon.
You were not hungry.

You visited 1 branch of the dungeon, and saw 5 of its levels.
You also visited: Ossuary.

You collected 286 gold pieces.

Inventory:

Hand Weapons
 a - a +0 long sword (weapon)
 J - a +3 spear
Armour
 b - a +0 scale mail (worn)
 c - a +0 shield (worn)
Jewellery
 j - an uncursed ring of ice
 l - a +2 ring of intelligence (right claw)
 m - a +4 ring of intelligence (left claw)
 u - an amulet of harm (around neck)
 H - an uncursed amulet of faith {unknown}
 O - an uncursed ring of ice
Wands
 v - a wand of teleportation (3/9)
 w - a wand of lightning (7/15)
 C - a wand of digging (13/24)
 F - a wand of polymorph (9/24)
Scrolls
 e - 2 scrolls of amnesia
 g - 3 scrolls of recharging {unknown}
 h - 2 scrolls of random uselessness
 k - a scroll of enchant weapon {unknown}
 n - a scroll of blinking {unknown}
 p - 2 scrolls of identify
 r - a scroll of teleportation {unknown}
 s - 2 scrolls of fog {unknown}
 y - a scroll of magic mapping {unknown}
 K - 5 scrolls of remove curse {unknown}
 L - a scroll of holy word {unknown}
Potions
 d - a potion of might
 i - a potion of resistance
 o - 2 potions of lignification
 x - 2 potions of flight
 z - a potion of brilliance
 A - a potion of cancellation
 D - 2 potions of heal wounds
 E - a potion of beneficial mutation {unknown}
 I - 2 potions of curing
 M - a potion of invisibility {unknown}
 N - a potion of degeneration {unknown}
Books
 B - a book of Callings

   Spells                             Type                      Level
   a - Summon Small Mammal            Summoning                    1
   b - Call Imp                       Summoning                    2
   c - Call Canine Familiar           Summoning                    3
   d - Summon Guardian Golem          Hexes/Summoning              3
   e - Summon Lightning Spire         Summoning/Air                4
   f - Summon Ice Beast               Ice/Summoning                4
Comestibles
 f - 3 meat rations
 q - 2 beef jerkies
 t - 2 slices of pizza
 G - a royal jelly


   Skills:
 + Level 4.7 Fighting
 + Level 4.5 Long Blades
 + Level 4.1 Armour
 + Level 2.2 Dodging
 + Level 1.0 Stealth
 + Level 3.9 Shields


You had 6 spell levels left.
You didn't know any spells.

Dungeon Overview and Level Annotations

Branches:
Dungeon (5/15)             Temple (0/1) D:5

Altars:
Cheibriados
Elyvilon
Fedhas
Yredelemnul
The Shining One

Annotations:
D:4 xsansara's ghost, novice HaHu


Innate Abilities, Weirdness & Mutations

Your body is rotting away.
You thrive on raw meat.
You are immune to poison.
You have sharp fingernails.
You are carnivorous and can eat meat at any time.
Your flesh is cold resistant. (rC+)
You are immune to negative energy. (rN+++)
You regenerate slowly when monsters are visible.
You are immune to unholy pain and torment.
You can survive without breathing.


Message History

The gnoll hits you from afar with a halberd.
You hit the crimson imp but do no damage.
The crimson imp hits you but does no damage.
The gnoll hits you from afar with a halberd.
You block the crimson imp's attack.
Your shield prevents you from hitting the crimson imp.
The gnoll hits you from afar with a halberd.
The crimson imp barely misses you.
You riposte.
You miss the crimson imp.
Your shield and scale mail prevent you from hitting the crimson imp.
The gnoll completely misses you. The crimson imp hits you.
You miss the crimson imp.
The gnoll hits you from afar with a halberd!
* * * LOW HITPOINT WARNING * * *
The crimson imp hits you.
* * * LOW HITPOINT WARNING * * *
You slash the crimson imp!
The crimson imp is almost dead.
The crimson imp blinks!
The gnoll hits you from afar with a halberd.
You die...

######## ######.#.#
#......##########....
#...................#
#......##########.#.. #######
#......# #.... ......# #5.....#
##### ......##### #......#
..........# #......#
......###.######@### ......# #..#
#§# ######
##########.#####g####....########
................................>
.................##.#....#######.
#...........g######.#....# ####.
#.#..............##.#....# #....
#.#.######.#..##.##.#....# #.###
.<#.###........#.##.###### #.###


You could see a gnoll and a crimson imp.

Vanquished Creatures
  Menkaure (D:4)
  An elf zombie (Ossuary)
  A scorpion (D:5)
  A crimson imp (D:3)
  A bullfrog zombie (D:5)
  An orc wizard (D:4)
  A worker ant (D:4)
  A big kobold zombie (Ossuary)
  3 mummies (Ossuary)
  5 gnolls
  9 adders
  An ooze (D:1)
  5 adder zombies
  3 worms
  A dart slug (D:1)
  2 leopard geckos
  9 orcs
  2 ball pythons (D:1)
  3 giant cockroaches
  5 hobgoblins
  4 jackals (D:1)
  6 kobolds
  2 quokkas
  10 bats
  6 frilled lizards
  5 goblins
  6 goblin zombies (Ossuary)
  A hobgoblin zombie (Ossuary)
  A kobold zombie (Ossuary)
  A quokka zombie (Ossuary)
  5 rats
  3 rat zombies (Ossuary)
106 creatures vanquished.

Notes
Turn   | Place    | Note
-------+----------+-------------------------------------------
     0 | D:1      | Peloso the Ghoul Fighter began the quest for the Orb.
     0 | D:1      | Reached XP level 1. HP: 19/19 MP: 0/0
   236 | D:1      | Reached XP level 2. HP: 26/26 MP: 1/1
   524 | D:1      | Reached XP level 3. HP: 29/31 MP: 2/2
  1000 | D:2      | Reached skill level 1 in Dodging
  1000 | D:2      | Reached XP level 4. HP: 32/39 MP: 3/3
  1448 | D:2      | Found a snail-covered altar of Cheibriados.
  1463 | D:2      | Found a blossoming altar of Fedhas.
  1463 | D:2      | Found a glowing golden altar of the Shining One.
  1464 | D:2      | Found a white marble altar of Elyvilon.
  1468 | D:2      | Found a basalt altar of Yredelemnul.
  1531 | D:3      | Found a faded altar of an unknown god.
  1772 | D:3      | Reached XP level 5. HP: 34/46 MP: 4/4
  2303 | D:4      | Noticed Menkaure
  2309 | D:4      | Killed Menkaure
  2309 | D:4      | Reached XP level 6. HP: 31/52 MP: 5/5
  2599 | D:4      | Noticed xsansara's ghost (novice HaHu)
  2974 | D:5      | Entered Level 5 of the Dungeon
  3036 | D:5      | Reached XP level 7. HP: 40/59 MP: 6/6
  3158 | D:5      | Found a staircase to the Ecumenical Temple.
  3257 | D:5      | Found a sand-covered staircase.
  3280 | Ossuary  | Entered an ossuary
  3303 | Ossuary  | Reached skill level 1 in Stealth
  4384 | D:5      | Slain by a gnoll

Skill      XL: |  1  2  3  4  5  6  7 |
---------------+----------------------+-----
Shields        | 3 |  3.9
Armour         | 3 4 |  4.1
Long Blades    | 2 3 4 |  4.5
Dodging        | 1 2 |  2.2
Fighting       | 4 |  4.7
Stealth        | 1 |  1.0

Action                   |  1- 3 |  4- 6 |  7- 9 || total
-------------------------+-------+-------+-------++-------
Melee: Long sword        |   101 |   234 |   130 ||   465
Evoke: Wand              |       |     1 |       ||     1
  Use: Scroll            |       |     3 |     7 ||    10
  Eat: Chunk             |     3 |    17 |     1 ||    21
Armor: Scale mail        |    78 |    79 |    41 ||   198
Dodge: Dodged            |    53 |    73 |    37 ||   163
Block: Shield            |    61 |   114 |    60 ||   235
       Rpst.: Long sword |    17 |    30 |    12 ||    59
